 Dungeon Crawl Stone Soup version 0.28-a0-657-g71136c5590 (webtiles) character file.

Game seed: 15156878525651935514

7712 Rennog the Fighter (level 11, -4/85 HPs)
             Began as a Barachi Fighter on Oct 13, 2021.
             Was a High Priest of Hepliaklqana.
             Succumbed to Sonja's curare-tipped dart
             ... on level 1 of the Lair of Beasts.
             The game lasted 00:16:45 (10339 turns).

Rennog the Fighter (Barachi Fighter)               Turns: 10339, Time: 00:16:45

Health: -4/85      AC: 23    Str: 20    XL:     11   Next: 19%
Magic:  11/11      EV: 11    Int:  8    God:    Hepliaklqana [*****.]
Gold:   427        SH:  5    Dex: 13    Spells: 10/10 levels left

rFire   + . .      SeeInvis .   a - +0 long sword
rCold   . . .      Faith    .   c - +0 buckler
rNeg    . . .      Spirit   .   C - +4 chain mail
rPois   .          Reflect  .   q - +1 helmet
rElec   .          Harm     .   h - +2 cloak {Stlth+}
rCorr   .          Rampage  .   (no gloves)
Will    .....                   y - +0 pair of boots
Stlth   ..........              D - amulet of regeneration
HPRegen 1.24/turn               t - ring of protection from fire
MPRegen 0.12/turn               (no ring)

@: lethally poisoned (-4 -> -24), slowed, very slow
A: reduced essence, amphibious, slowness 1, strong legs 1, +LOS
a: Hop, Renounce Religion, Recall Ancestor, Ancestor Identity, Transference,
Idealise


You were on level 1 of the Lair of Beasts.
You worshipped Hepliaklqana.
Hepliaklqana was extremely pleased with you.
You visited 2 branches of the dungeon, and saw 11 of its levels.

You collected 427 gold pieces.

Inventory:

Hand Weapons
 a - a +0 long sword (weapon)
 J - the +5 dagger of Peril {flame, Str+4 Int+4 Dex+4 Stlth-}
   (You found it on level 8 of the Dungeon)

   It burns those it strikes, dealing additional fire damage.
   Str:       It affects your strength (+4).
   Int:       It affects your intelligence (+4).
   Dex:       It affects your dexterity (+4).
   Stlth:     It makes you less stealthy.
Missiles
 n - 36 poisoned darts (quivered)
Armour
 c - a +0 buckler (worn)
 h - a +2 cloak of stealth (worn)
 q - a +1 helmet (worn)
 y - a +0 pair of boots (worn)
 C - a +4 chain mail (worn)
Jewellery
 t - a ring of protection from fire (left hand)
 D - an amulet of regeneration (around neck)
 G - a ring of willpower
Wands
 e - a wand of flame (16)
 v - a wand of polymorph (12)
 z - a wand of charming (15)
 A - a wand of digging (6)
 F - a wand of paralysis (6)
 I - a wand of mindburst (13)
Scrolls
 b - 2 scrolls of enchant weapon {unknown}
 f - a scroll of noise
 i - 3 scrolls of magic mapping
 m - 4 scrolls of teleportation
 p - 2 scrolls of blinking {unknown}
 s - a scroll of brand weapon {unknown}
 u - a scroll of fog {unknown}
 x - 7 scrolls of identify
 E - a scroll of summoning {unknown}
 K - a scroll of enchant armour {unknown}
Potions
 d - 3 potions of might
 g - 2 potions of attraction
 j - a potion of magic
 k - a potion of brilliance {unknown}
 l - a potion of flight
 o - a potion of haste {unknown}
 r - a potion of curing {unknown}
 w - a potion of invisibility {unknown}
 B - a potion of resistance {unknown}
 H - 2 potions of lignification {unknown}


   Skills:
 + Level 11.7 Fighting
 + Level 9.8 Long Blades
 + Level 10.3 Armour
 + Level 9.4 Dodging
 - Level 3.3 Shields


You had 10 spell levels left.
You didn't know any spells.
Your spell library contained the following spells:

 Spells                   Type           Power      Damage    Failure   Level
 Foxfire                  Conj/Fire      0%         2x1d4     97%         1
 Sting                    Tmut/Pois      0%         1d3       97%         1
 Poisonous Vapours        Pois/Air       0%         N/A       99%         2
 Sublimation of Blood     Necr           0%         N/A       99%         2
 Conjure Flame            Conj/Fire      0%         6-21      100%        3
 Inner Flame              Hex/Fire       0%         N/A       100%        3
 Flame Wave               Conj/Fire      0%         3d3       100%        4
 Olgreb's Toxic Radiance  Pois           0%         N/A       100%        4
 Petrify                  Tmut/Erth      0%         N/A       100%        4
 Irradiate                Conj/Tmut      0%         3d14      100%        5


Dungeon Overview and Level Annotations

Branches:
Dungeon (10/15)            Temple (0/1) D:4            Lair (1/6) D:8
    Orc: D:9-12

Altars:
Ashenzari
Elyvilon
Fedhas
Gozag
Hepliaklqana
Kikubaaqudgha
Makhleb
Okawaru
Uskayaw
Vehumet
Wu Jian
Yredelemnul
Zin

Annotations:
D:10 Nergalle
Lair:1 Sonja


Innate Abilities, Weirdness & Mutations

Your life essence is reduced to manifest your ancestor. (-10% HP)
You are amphibious.
You cover ground slowly.
You can hop short distances.
You have an extended range of vision and can be seen from far away.


Message History

Found a dagger.
You feel very sick. Sonja hits you but does no damage. Space bends around you.
Sonja closely misses you.
Sonja hits you with a +1 dagger of distortion.
Space bends around you. Sonja closely misses you.
Sonja hits you but does no damage.
You blink. Æðelind points at Sonja and mumbles some strange words.
Sonja seems to slow down.
You feel very sick.
Sonja throws a curare-tipped dart.
You block the curare-tipped dart.
Unknown command.
You feel sick. You block Sonja's attack. Sonja hits you but does no damage.
Space bends around you.
Sonja hits you with a +1 dagger of distortion.
Space warps horribly around you! Sonja barely misses you.
Sonja hits you with a +1 dagger of distortion.
Space warps horribly around you!!
* * * LOW HITPOINT WARNING * * *
You block Sonja's attack. Æðelind completely misses Sonja.
You feel sick. Æðelind hits Sonja with a +0 dagger of draining.
Sonja closely misses Æðelind.
Sonja hits Æðelind with a +1 dagger of distortion. Æðelind blinks!
You feel sick.
Sonja throws a curare-tipped dart.
The curare-tipped dart hits you.
You are more poisoned.
You have difficulty breathing.
* * * LOW HITPOINT WARNING * * *
You feel as though you will be slow longer.
Sonja throws a curare-tipped dart.
The curare-tipped dart hits you.
You are lethally poisoned!
You have difficulty breathing.
* * * LOW HITPOINT WARNING * * *
You feel as though you will be slow longer. Æðelind casts a spell at Sonja.
Sonja seems to slow down.
It was a potion of magic.
Magic courses through your body.
You die...

## ### #............
#............ ............
...........# ...........#
.....)..... ###
#.......... ..#
...........### ..#
..........@..# #.#
#............# # ..#
#........KR.##.### ....
##................#
......#.....#..........##
.......##......#........P#
...P...####...............
..###..###.##.............
...##....#....!...........


You could see the friendly Æðelind the hexer and Sonja (slow, ally target).

Vanquished Creatures
  A hydra (Lair:1)
  Maggie (D:6)
  A troll (D:7)
  A wyvern (D:9)
  5 yaks (D:8)
  2 humans (D:8)
  A steam dragon (D:6)
  3 water moccasins
  A hornet zombie (D:5)
  3 sky beasts
  An ogre (D:6)
  A centaur (D:8)
  A kobold brigand (D:9)
  A bullfrog (D:9)
  A gnoll sergeant (D:7)
  A wyvern zombie (D:8)
  2 scorpions (D:5)
  A water moccasin skeleton (D:7)
  5 killer bees (D:9)
  A bullfrog skeleton (D:6)
  3 hounds
  2 jellies (D:7)
  An orc priest (D:7)
  A gnoll shaman (D:8)
  3 iguanas
  3 orc wizards
  10 gnolls
  4 adders
  A worm (D:5)
  3 dart slugs
  22 orcs
  5 ball pythons
  5 bats
  6 endoplasms
  2 giant cockroaches (D:1)
  4 hobgoblins
  7 jackals
  11 kobolds
  2 quokkas
  A frilled lizard (D:2)
  8 goblins
  5 rats
143 creatures vanquished.

Vanquished Creatures (collateral kills)
  2 two-headed ogres
  A cane toad (Lair:1)
  A komodo dragon (Lair:1)
  A yak (D:8)
  An ice beast (D:8)
  2 ogres
  2 necrophages (D:4)
  A phantom (D:5)
  A bullfrog (Lair:1)
  Blork the orc (D:4)
  A scorpion (D:5)
  5 killer bees (D:9)
  3 hounds
  Crazy Yiuf (D:3)
  2 centaur skeletons
  An orc priest (D:8)
  A bullfrog skeleton (D:6)
  Terence (D:3)
  3 orc wizards
  A hound skeleton (D:4)
  4 gnolls
  3 adders
  2 white imps
  4 orcs
  A bat (D:3)
  An endoplasm (D:4)
  A giant cockroach (D:4)
  A goblin (D:4)
  A hobgoblin (D:2)
  3 jackals
  A kobold (D:4)
54 creatures vanquished.

Vanquished Creatures (others)
  3 hexers
  7 plants
10 creatures vanquished.

Grand Total: 207 creatures vanquished

Notes
Turn   | Place    | Note
-------+----------+-------------------------------------------
     0 | D:1      | Rennog the Barachi Fighter began the quest for the Orb.
     0 | D:1      | Reached XP level 1. HP: 18/18 MP: 1/1
   106 | D:1      | Reached XP level 2. HP: 25/25 MP: 2/2
   121 | D:1      | Reached skill level 4 in Fighting
   463 | D:1      | Noticed a golden eye
   471 | D:1      | Found a faded altar of an unknown god.
   471 | D:1      | Noticed a floating eye
   472 | D:1      | Noticed a floating eye
   474 | D:1      | Noticed an eye of devastation
   477 | D:1      | Reached skill level 1 in Dodging
   546 | D:1      | Prayed at the altar of an unknown god.
   546 | D:1      | Became a worshipper of Hepliaklqana the Forgotten
   546 | D:1      | Reached * piety under Hepliaklqana
   656 | D:1      | Reached XP level 3. HP: 27/27 MP: 3/3
  1538 | D:2      | Reached skill level 5 in Fighting
  1538 | D:2      | Reached XP level 4. HP: 35/35 MP: 4/4
  1645 | D:2      | Reached ** piety under Hepliaklqana
  1660 | D:2      | Remembered your ancestor Æðelind as a hexer
  2302 | D:3      | Noticed Terence
  2307 | D:3      | Killed Terence
  2578 | D:3      | Found a burning altar of Makhleb.
  2578 | D:3      | Noticed an Executioner
  2581 | D:3      | Noticed a neqoxec
  2581 | D:3      | Noticed a neqoxec
  2639 | D:3      | Noticed an ogre
  2646 | D:3      | Killed an ogre
  2647 | D:3      | Reached skill level 6 in Fighting
  2647 | D:3      | Reached XP level 5. HP: 42/42 MP: 5/5
  2883 | D:3      | Reached XP level 6. HP: 35/47 MP: 6/6
  3131 | D:3      | Found a runed translucent door.
  3132 | D:3      | Noticed Crazy Yiuf
  3142 | D:3      | Killed Crazy Yiuf
  3152 | D:3      | Identified a scroll of acquirement
  3153 | D:3      | Acquired a +2 cloak of stealth
  3424 | D:4      | Reached skill level 7 in Fighting
  3545 | D:4      | Noticed a necrophage
  3553 | D:4      | Killed a necrophage
  3715 | D:4      | Found a staircase to the Ecumenical Temple.
  3763 | D:4      | Noticed a necrophage
  3776 | D:4      | Killed a necrophage
  3777 | D:4      | Reached XP level 7. HP: 45/54 MP: 7/7
  3917 | D:4      | Noticed Blork the orc
  3925 | D:4      | Killed Blork the orc
  3942 | D:4      | Reached *** piety under Hepliaklqana
  4082 | D:5      | Entered Level 5 of the Dungeon
  4168 | D:5      | Reached skill level 5 in Armour
  4342 | D:5      | Reached XP level 8. HP: 45/61 MP: 8/8
  4395 | D:5      | Reached skill level 8 in Fighting
  4566 | D:5      | Reached skill level 5 in Dodging
  4661 | D:5      | Reached skill level 5 in Long Blades
  5371 | D:6      | Reached **** piety under Hepliaklqana
  5902 | D:6      | Found a blossoming altar of Fedhas.
  6203 | D:6      | Reached XP level 9. HP: 67/67 MP: 9/9
  6229 | D:6      | Reached skill level 9 in Fighting
  6370 | D:6      | Noticed Maggie
  6410 | D:6      | Killed Maggie
  6564 | D:7      | Found a basalt altar of Yredelemnul.
  6975 | D:7      | Found an opulent altar of Gozag.
  6975 | D:7      | Found an ancient bone altar of Kikubaaqudgha.
  7048 | D:7      | Noticed a troll
  7059 | D:7      | Killed a troll
  7658 | D:7      | Found an ornate altar of the Wu Jian Council.
  7800 | D:8      | Found a staircase to the Lair.
  8023 | D:8      | Reached skill level 10 in Fighting
  8050 | D:8      | Found a white marble altar of Elyvilon.
  8096 | D:8      | Noticed a two-headed ogre
  8108 | D:8      | Killed a two-headed ogre
  8109 | D:8      | Reached XP level 10. HP: 59/77 MP: 10/10
  8157 | D:8      | Found the +6 Majin-Bo {vamp, MP+6 Int+6}
  8197 | D:8      | Identified the +5 dagger of Peril {flame, Str+4 Int+4 Dex+4
                  | Stlth-}
  8301 | D:8      | Paralysed by a centaur for 3 turns
  8306 | D:8      | Paralysed by a centaur for 7 turns
  8382 | D:8      | Found an iron altar of Okawaru.
  8718 | D:9      | Found a hazy altar of Hepliaklqana.
  8721 | D:9      | Found a glowing silver altar of Zin.
  8721 | D:9      | Found a hide-covered altar of Uskayaw.
  8790 | D:9      | Found a radiant altar of Vehumet.
  8806 | D:9      | Noticed a two-headed ogre
  8819 | D:9      | Killed a two-headed ogre
  8820 | D:9      | Reached skill level 11 in Fighting
  9256 | D:9      | Reached ***** piety under Hepliaklqana
  9391 | D:9      | Found a broken altar of Ashenzari.
  9729 | D:10     | Entered Level 10 of the Dungeon
  9763 | D:10     | Noticed Nergalle
  9826 | Lair:1   | Entered Level 1 of the Lair of Beasts
 10014 | Lair:1   | Reached skill level 10 in Armour
 10014 | Lair:1   | Reached XP level 11. HP: 82/83 MP: 11/11
 10101 | Lair:1   | Noticed a four-headed hydra
 10110 | Lair:1   | Killed a four-headed hydra
 10331 | Lair:1   | Noticed Sonja
 10338 | Lair:1   | HP: 4/85 [asphyx]
 10339 | Lair:1   | Succumbed to Sonja's curare-tipped dart

Illustrated notes

Levels and vault maps discovered:
D:1:      tarquinn_simple_flora_water_e, layout_basic,
          hellmonk_ecumenical_altar_watching_god, serial_bayou_lagoon_b
D:2:      layout_basic, kennysheep_generic_room_4
D:3:      layout_rooms, makhleb_altar_promises_db, kennysheep_generic_room_13,
          uniq_crazy_yiuf_cottage, uniq_terence
D:4:      layout_cave_pools, temple_fountains, uniq_blork_the_orc
D:5:      layout_cave_pods, grunt_ministairs_5
D:6:      layout_basic, fedhas_altar_1, minmay_misc_feat_encased, uniq_maggie
D:7:      layout_rooms, chequers_temple_overflow_statue_of_worship,
          nicolae_wu_jian_glorious_leap
D:8:      layout_loops_ring, elyvilon_altar_3, okawaru_humans, lair_entry_dummy,
          mrwooster_statue_mirror, hangedman_abyss_or_decor_stabs,
          moated_statue, skrybe_limestone_x
D:9:      layout_long_grid, general_overflow_altar,
          grunt_temple_overflow_cloverleaf, glass_columns_a
D:10:     layout_cave_pools, orc_david_3, serial_shops, shop, st_stairs_6,
          uniq_nergalle, uniq_harold, uniq_urug
Lair:1:   layout_cave_shapes, grunt_forest_large_clearing_hut, uniq_sonja

Skill      XL: |  1  2  3  4  5  6  7  8  9 10 |
---------------+-------------------------------+-----
Fighting       | 4 5 6 7 8 10 11 | 11.7
Dodging        | 1 2 3 4 6 7 9 |  9.4
Armour         | 4 5 6 8 10 | 10.3
Long Blades    | 3 4 6 8 9 |  9.8
Shields        | |  3.3

Action                   |  1- 3 |  4- 6 |  7- 9 | 10-12 || total
-------------------------+-------+-------+-------+-------++-------
Melee: Long sword        |   113 |   122 |   310 |   211 ||   756
       Dagger            |       |       |       |     3 ||     3
Throw: Dart              |       |       |       |     5 ||     5
Invok: Ancestor Life: He |       |     1 |       |       ||     1
       Recall Ancestor   |       |     1 |     1 |       ||     2
  Use: Scroll            |       |     7 |       |       ||     7
       Potion            |       |       |       |     1 ||     1
 Stab: Confused          |       |     4 |    11 |     2 ||    17
       Distracted        |       |       |     6 |     3 ||     9
Armor: Scale mail        |    70 |    31 |       |       ||   101
       Chain mail        |       |    18 |   162 |   154 ||   334
Dodge: Dodged            |    57 |    63 |   162 |   115 ||   397
Block: Buckler           |    32 |    34 |    73 |    58 ||   197

Table legend: (Time is in decaauts)
 A = Elapsed time spent in this place.
 B = Non-inter-level travel time spent in this place.
 C = Inter-level travel time spent in this place.
 D = Time resting spent in this place.
 E = Time spent auto-exploring this place.
 F = Levels seen in this place.
 G = Mean time per level.
                   A        B        C        D        E       F      G
               +--------+--------+--------+--------+--------+-----+--------+
         Total |  11684 |  11181 |    503 |    189 |   9289 |  11 | 1062.2 |
       Dungeon |  11233 |  10739 |    494 |    189 |   8924 |  10 | 1123.3 |
          Lair |    451 |    442 |      9 |      0 |    365 |   1 |  451.0 |
               +--------+--------+--------+--------+--------+-----+--------+

Top non-repeatable levels by time:
     D:6: 1445 daAuts
     D:5: 1403 daAuts
     D:2: 1388 daAuts
     D:7: 1252 daAuts
     D:9: 1244 daAuts
     D:1: 1233 daAuts
     D:8: 1231 daAuts
     D:3: 1222 daAuts
     D:4: 757 daAuts
  Lair:1: 451 daAuts
    D:10: 54 daAuts
